 Dungeon Crawl Stone Soup version 0.29.1-12-g30fa7ad0bf (webtiles) character file.

Game seed: 14705616065047247905

9362 xzight the Prestidigitator (level 11, -2/115 (126) HPs)
             Began as a Gnoll Artificer on Dec 27, 2022.
             Was an Initiate of Gozag.
             Succumbed to a spectral orc warlord's poison
             ... on level 10 of the Dungeon.
             The game lasted 00:25:30 (10235 turns).

xzight the Prestidigitator (Gnoll Artificer)       Turns: 10235, Time: 00:25:30

HP:   -2/115 (126)  AC: 13    Str: 12    XL:     11   Next: 45%
MP:   20/20         EV: 18    Int: 15    God:    Gozag
Gold: 857           SH:  0    Dex: 12    Spells: 22/23 levels left

rFire   . . .      SeeInvis .   x - +6 hand axe "Sadehuci" {venom, rN+}
rCold   . . .      Faith    .   (no shield)
rNeg    + . .      Spirit   .   b - +0 leather armour
rPois   .          Reflect  .   u - +0 helmet
rElec   .          Harm     .   s - +0 cloak
rCorr   .          Rampage  .   k - +0 pair of gloves
Will    .....                   i - +0 pair of boots
Stlth   ..........              I - amulet of regeneration
HPRegen 1.09/turn               E - +4 ring of evasion
MPRegen 0.17/turn               T - +4 ring of protection {=R}

@: berserking, lethally poisoned (-2 -> -27), hasted, drained, very quick
A: fangs 1, strong nose, distributed training
a: Renounce Religion, Potion Petition, Call Merchant, Bribe Branch


You were on level 10 of the Dungeon.
You worshipped Gozag.
Gozag was pleased with you.
You visited 2 branches of the dungeon, and saw 12 of its levels.

You collected 1755 gold pieces.
You spent 36 gold pieces at shops.
You paid 862 gold pieces to Gozag.


Innate Abilities, Weirdness & Mutations

You have very sharp teeth.
Your uncanny sense of smell can sniff out nearby items.
Your experience applies equally to all skills.


   Skills:
 + Level 7.1 Fighting
 + Level 6.5 Short Blades
 + Level 6.5 Long Blades
 + Level 6.5 Axes
 + Level 6.5 Maces & Flails
 + Level 6.5 Polearms
 + Level 6.5 Staves
 + Level 6.5 Ranged Weapons
 + Level 6.5 Throwing
 + Level 8.1 Armour
 + Level 7.1 Dodging
 + Level 7.0 Stealth
 + Level 6.5 Shields
 + Level 6.5 Unarmed Combat
 + Level 6.5 Spellcasting
 + Level 5.4 Conjurations
 + Level 5.4 Hexes
 + Level 5.4 Summonings
 + Level 5.4 Necromancy
 + Level 5.4 Translocations
 + Level 5.4 Transmutations
 + Level 5.4 Fire Magic
 + Level 5.4 Ice Magic
 + Level 5.4 Air Magic
 + Level 5.4 Earth Magic
 + Level 5.4 Poison Magic
 + Level 7.2 Invocations
 + Level 9.3 Evocations


You had 22 spell levels left.
You knew the following spells:

 Your Spells              Type           Power      Damage    Failure   Level
a - Sting                 Tmut/Pois      84%        1d7       1%          1

Your spell library contained the following spells:

 Spells                   Type           Power      Damage    Failure   Level
 Poisonous Vapours        Pois/Air       42%        N/A       2%          2
 Portal Projectile        Hex/Tloc       42%        N/A       5%          3
 Tukima's Dance           Hex            21%        N/A       5%          3
 Olgreb's Toxic Radiance  Pois           21%        N/A       19%         4
 Passage of Golubria      Tloc           21%        N/A       19%         4
 Blade Hands              Tmut           10%        N/A       45%         5
 Yara's Violent Unravell  Hex/Tmut       10%        3d6       45%         5

Inventory:

Hand Weapons
 x - the +6 hand axe "Sadehuci" (weapon) {venom, rN+}
   (You found it on level 3 of the Dungeon)

   It poisons the flesh of those it strikes.
   rN:        It protects you from negative energy.
 z - a +0 lajatang
Armour
 b - a +0 leather armour (worn)
 i - a +0 pair of boots (worn)
 k - a +0 pair of gloves (worn)
 s - a +0 cloak (worn)
 u - a +0 helmet (worn)
Jewellery
 v - a ring of see invisible
 E - a +4 ring of evasion (left hand)
 I - an amulet of regeneration (around neck)
 M - a ring of magical power
 O - the ring of Xenutwyi {Will+ Int+4 Dex+6}
   (You found it on level 10 of the Dungeon)

   [ring of dexterity]

   Int:       It affects your intelligence (+4).
   Dex:       It affects your dexterity (+6).
   Will:      It increases your willpower.
 T - a +4 ring of protection (right hand) {=R}
Wands
 a - a wand of paralysis (23)
 c - a wand of flame (16) (quivered)
 d - a wand of charming (15)
 e - a wand of iceblast (7)
 n - a wand of light (9)
 D - a wand of digging (6)
 J - a wand of mindburst (18)
Scrolls
 g - 2 scrolls of fear {unknown}
 h - 3 scrolls of immolation {unknown}
 l - 9 scrolls of teleportation {@r2}
 m - 2 scrolls of poison {unknown}
 r - 3 scrolls of amnesia {unknown}
 y - a scroll of vulnerability {unknown}
 B - 3 scrolls of noise {unknown}
 L - 2 scrolls of enchant armour {unknown}
 N - a scroll of magic mapping {unknown}
Potions
 f - 2 potions of invisibility
 j - 5 potions of curing {@q1}
 o - 2 potions of magic
 p - 5 potions of lignification
 q - 3 potions of resistance
 t - 2 potions of haste {@q3}
 w - 4 potions of might
 A - 2 potions of attraction {unknown}
 C - 3 potions of mutation
 F - 2 potions of flight
 G - 6 potions of heal wounds {@q2}
 H - a potion of cancellation {unknown}
 K - 3 potions of brilliance

Dungeon Overview and Level Annotations

Branches:
Dungeon (11/15)            Temple (1/1) D:6            Lair (0/5) D:10
    Orc (0/2) D:10

Altars:
Ashenzari
Dithmenos
Elyvilon
Fedhas
Gozag
Hepliaklqana
Kikubaaqudgha
Makhleb
Nemelex Xobeh
Okawaru
Trog
Uskayaw
Vehumet
Wu Jian
Xom
Yredelemnul
The Shining One

Shops:
D:6 !   D:7 *

Annotations:
D:10 3 runed translucent doors, Nergalle

░..░░.░░.░░.░..░....░░░...###
.░.░░░.░░░.░░..░░.░░░...###
░..░░░░...░░░░..░░░...####
░░░░░...░░░░░░░░░))......#
..░░.░▒▒▒▒▒░.░░..))..#####
...░░.+K9.+.░░...##########
##.░░░▒yWh▒░░░..)..)......##
#..░░▒hWy▒░░...§o.........##
##.░░▒JYz▒░░..§@...........####
#..░▒▒+▒▒░....Z..............##
##.░░░.░░░.#.Z............##..#
#..░░.░░..............♣♣♣♣♣#.#
#..░░.░░............♣♣♣♣♣♣♣♣..
####...░.░....#.......~~~P♣~~~~♣.
.......░'░....##.....♣~~P~~~~~~♣♣
........░.....#####...~~~.~P~~~~♣
#####.#.░.....# #............~P


You could see Nergalle (extremely poisoned), a spectral orc (summoned) and a
spectral orc warlord (summoned).


Message History

You slash Nergalle!
Nergalle looks as sick as possible!
Nergalle is severely wounded.
You hit the spectral orc warrior.
You completely miss the spectral orc warlord.
You hit the spectral orc warrior.
You destroy the spectral orc warrior!
The spectral orc warrior disappears in a puff of smoke!
* * * LOW HITPOINT WARNING * * *
You feel very sick.
The spectral orc warrior hits you but does no damage.
The spectral orc hits you from afar with a +0 trident.
* * * LOW HITPOINT WARNING * * *
You partially resist.
You feel drained.
Unknown command.
Unknown command.
Unknown command.
Unknown command.
Unknown command.
Unknown command.
Unknown command.
Unknown command.
Unknown command.
You hit Nergalle.
Nergalle looks as sick as possible!
Nergalle is almost dead.
You hit the spectral orc warrior.
You destroy the spectral orc warrior!
The spectral orc warrior disappears in a puff of smoke!
You hit the spectral orc warlord but do no damage.
You die...
Your body crumbles into a pile of gold.

Skill      XL: |  1  2  3  4  5  6  7  8  9 10 11 |
---------------+----------------------------------+-----
Invocations    | 1 2 3 4 5 6 7 |  7.2
Short Blades   | 1 2 3 5 6 |  6.5
Long Blades    | 1 2 3 5 6 |  6.5
Axes           | 1 2 3 5 6 |  6.5
Maces & Flails | 1 2 3 5 6 |  6.5
Polearms       | 1 2 3 5 6 |  6.5
Staves         | 1 2 3 5 6 |  6.5
Ranged Weapons | 1 2 3 5 6 |  6.5
Throwing       | 1 2 3 5 6 |  6.5
Shields        | 1 2 3 5 6 |  6.5
Unarmed Combat | 1 2 3 5 6 |  6.5
Spellcasting   | 1 2 3 5 6 |  6.5
Conjurations   | 1 2 3 4 5 |  5.4
Hexes          | 1 2 3 4 5 |  5.4
Summonings     | 1 2 3 4 5 |  5.4
Necromancy     | 1 2 3 4 5 |  5.4
Translocations | 1 2 3 4 5 |  5.4
Transmutations | 1 2 3 4 5 |  5.4
Fire Magic     | 1 2 3 4 5 |  5.4
Ice Magic      | 1 2 3 4 5 |  5.4
Air Magic      | 1 2 3 4 5 |  5.4
Earth Magic    | 1 2 3 4 5 |  5.4
Poison Magic   | 1 2 3 4 5 |  5.4
Fighting       | 3 4 5 6 7 |  7.1
Dodging        | 3 4 5 6 7 |  7.1
Stealth        | 3 4 5 6 7 |  7.0
Armour         | 5 6 7 8 |  8.1
Evocations     | 7 8 9 |  9.3

Action                   |  1- 3 |  4- 6 |  7- 9 | 10-12 || total
-------------------------+-------+-------+-------+-------++-------
Melee: Club              |    56 |       |       |       ||    56
       Bite              |     6 |    10 |    21 |    42 ||    79
       War axe           |    19 |     9 |       |       ||    28
       Hand axe          |       |    61 |   225 |   352 ||   638
       Punch             |       |       |     7 |    14 ||    21
Invok: Potion Petition   |       |       |       |     2 ||     2
Evoke: Wand              |     5 |     4 |    16 |    16 ||    41
  Use: Scroll            |       |       |     6 |     6 ||    12
       Potion            |       |       |       |     1 ||     1
 Stab: Sleeping          |     3 |     5 |     5 |     3 ||    16
       Distracted        |       |       |     3 |     3 ||     6
       Paralysed         |       |       |       |     8 ||     8
Armor: Leather armour    |    22 |    31 |    45 |    85 ||   183
Dodge: Dodged            |    56 |    29 |   153 |   310 ||   548

Levels and vault maps discovered:
D:1:      ldierk_water_garden, layout_loops_corners, fountainhead
D:2:      layout_loops_ring, grunt_decor_one_mirror, uniq_terence
D:3:      layout_basic
D:4:      layout_rooms
D:5:      layout_cave_pools, lemuel_coloured_pillars_altar,
          kennysheep_okawaru_gauntlet, mainiacjoe_overflow_alcove_1,
          hangedman_decor_push
D:6:      layout_cave_pools, nemelex_dance_club_becter,
          gammafunk_temple_overflow_claw, minmay_temple_entry_wispy,
          serial_shops, nicolae_diamond_shop, nicolae_sextant
D:7:      layout_loops_ring, nicolae_shop_gadgets
D:8:      layout_gridville, kennysheep_big_empty_room, uniq_pikel
D:9:      layout_roguey
D:10:     minmay_the_grid_four_pointed_star
          [minmay_the_grid_triangle_9x9_longest,
          minmay_the_grid_triangle_9x9_fully_insulated_deathbox,
          minmay_the_grid_triangle_9x9_zippers_horizontal,
          minmay_the_grid_triangle_9x9_empty,
          minmay_the_grid_prize_diamond_cup], layout_rooms,
          nzn_hepliaklqana_mist_gate, hiddenorc2_lemuel, serial_bayou_ford_a
D:11:     layout_long_grid, fedhas_altar_4, uniq_nergalle
Temple:   nicolae_temple_two_arcs

Notes
Turn   | Place    | Note
-------+----------+-------------------------------------------
     0 | D:1      | xzight the Gnoll Artificer began the quest for the Orb.
     0 | D:1      | Reached XP level 1. HP: 17/17 MP: 1/1
   379 | D:1      | Reached XP level 2. HP: 23/23 MP: 2/2
  1729 | D:2      | Noticed Terence
  1737 | D:2      | Killed Terence
  1738 | D:2      | Reached skill level 1 in Invocations
  1738 | D:2      | Reached XP level 3. HP: 10/28 MP: 2/4
  1950 | D:2      | You fall into a shaft and drop 1 floor!
  1991 | D:3      | Reached skill level 1 in Short Blades
  1991 | D:3      | Reached skill level 1 in Long Blades
  1991 | D:3      | Reached skill level 1 in Axes
  1991 | D:3      | Reached skill level 1 in Maces & Flails
  1991 | D:3      | Reached skill level 1 in Polearms
  1991 | D:3      | Reached skill level 1 in Staves
  1991 | D:3      | Reached skill level 1 in Ranged Weapons
  1991 | D:3      | Reached skill level 1 in Throwing
  1991 | D:3      | Reached skill level 1 in Shields
  1991 | D:3      | Reached skill level 1 in Unarmed Combat
  1991 | D:3      | Reached skill level 1 in Spellcasting
  2162 | D:2      | Reached XP level 4. HP: 31/34 MP: 5/5
  2864 | D:3      | Identified the +6 hand axe "Sadehuci" {venom, rN+}
  3434 | D:4      | Reached skill level 1 in Conjurations
  3434 | D:4      | Reached skill level 1 in Hexes
  3434 | D:4      | Reached skill level 1 in Summonings
  3434 | D:4      | Reached skill level 1 in Necromancy
  3434 | D:4      | Reached skill level 1 in Translocations
  3434 | D:4      | Reached skill level 1 in Transmutations
  3434 | D:4      | Reached skill level 1 in Fire Magic
  3434 | D:4      | Reached skill level 1 in Ice Magic
  3434 | D:4      | Reached skill level 1 in Air Magic
  3434 | D:4      | Reached skill level 1 in Earth Magic
  3434 | D:4      | Reached skill level 1 in Poison Magic
  3913 | D:4      | Reached XP level 5. HP: 40/40 MP: 7/7
  3998 | D:4      | Noticed an ogre
  4002 | D:4      | Killed an ogre
  4003 | D:4      | Reached skill level 3 in Fighting
  4003 | D:4      | Reached skill level 3 in Dodging
  4003 | D:4      | Reached skill level 2 in Invocations
  4018 | D:4      | Reached skill level 3 in Stealth
  4025 | D:4      | Reached XP level 6. HP: 40/47 MP: 8/8
  4028 | D:4      | Reached skill level 2 in Short Blades
  4028 | D:4      | Reached skill level 2 in Long Blades
  4028 | D:4      | Reached skill level 2 in Axes
  4028 | D:4      | Reached skill level 2 in Maces & Flails
  4028 | D:4      | Reached skill level 2 in Polearms
  4028 | D:4      | Reached skill level 2 in Staves
  4028 | D:4      | Reached skill level 2 in Ranged Weapons
  4028 | D:4      | Reached skill level 2 in Throwing
  4028 | D:4      | Reached skill level 5 in Armour
  4028 | D:4      | Reached skill level 2 in Shields
  4028 | D:4      | Reached skill level 2 in Unarmed Combat
  4028 | D:4      | Reached skill level 2 in Spellcasting
  4167 | D:4      | Reached skill level 7 in Evocations
  4167 | D:4      | Reached XP level 7. HP: 34/52 MP: 10/10
  4337 | D:4      | Reached skill level 2 in Conjurations
  4337 | D:4      | Reached skill level 2 in Hexes
  4337 | D:4      | Reached skill level 2 in Summonings
  4337 | D:4      | Reached skill level 2 in Necromancy
  4337 | D:4      | Reached skill level 2 in Translocations
  4337 | D:4      | Reached skill level 2 in Transmutations
  4337 | D:4      | Reached skill level 2 in Fire Magic
  4337 | D:4      | Reached skill level 2 in Ice Magic
  4337 | D:4      | Reached skill level 2 in Air Magic
  4337 | D:4      | Reached skill level 2 in Earth Magic
  4337 | D:4      | Reached skill level 2 in Poison Magic
  4763 | D:5      | Entered Level 5 of the Dungeon
  4953 | D:5      | Reached skill level 3 in Invocations
  5052 | D:5      | Found a blossoming altar of Fedhas.
  5341 | D:5      | Found a burning altar of Makhleb.
  5376 | D:5      | Found an iron altar of Okawaru.
  5689 | D:5      | Reached skill level 4 in Fighting
  5689 | D:5      | Reached skill level 3 in Short Blades
  5689 | D:5      | Reached skill level 3 in Long Blades
  5689 | D:5      | Reached skill level 3 in Axes
  5689 | D:5      | Reached skill level 3 in Maces & Flails
  5689 | D:5      | Reached skill level 3 in Polearms
  5689 | D:5      | Reached skill level 3 in Staves
  5689 | D:5      | Reached skill level 3 in Ranged Weapons
  5689 | D:5      | Reached skill level 3 in Throwing
  5689 | D:5      | Reached skill level 4 in Dodging
  5689 | D:5      | Reached skill level 3 in Shields
  5689 | D:5      | Reached skill level 3 in Unarmed Combat
  5689 | D:5      | Reached skill level 3 in Spellcasting
  5689 | D:5      | Reached XP level 8. HP: 60/60 MP: 12/12
  5911 | D:6      | Reached skill level 4 in Stealth
  6068 | D:6      | Found a staircase to the Ecumenical Temple.
  6080 | Temple   | Entered the Ecumenical Temple
  6094 | Temple   | Became a worshipper of Gozag Ym Sagoz the Greedy
  6166 | D:6      | Found a sparkling altar of Nemelex Xobeh.
  6209 | D:6      | Found Badit's Distillery.
  6217 | D:6      | Bought a potion of curing for 36 gold pieces
  6402 | D:6      | Found an ornate altar of the Wu Jian Council.
  6402 | D:6      | Found a broken altar of Ashenzari.
  6402 | D:6      | Found a glowing golden altar of the Shining One.
  6544 | D:7      | Reached skill level 3 in Conjurations
  6544 | D:7      | Reached skill level 3 in Hexes
  6544 | D:7      | Reached skill level 3 in Summonings
  6544 | D:7      | Reached skill level 3 in Necromancy
  6544 | D:7      | Reached skill level 3 in Translocations
  6544 | D:7      | Reached skill level 3 in Transmutations
  6544 | D:7      | Reached skill level 3 in Fire Magic
  6544 | D:7      | Reached skill level 3 in Ice Magic
  6544 | D:7      | Reached skill level 3 in Air Magic
  6544 | D:7      | Reached skill level 3 in Earth Magic
  6544 | D:7      | Reached skill level 3 in Poison Magic
  6544 | D:7      | Reached skill level 4 in Invocations
  6591 | D:7      | Found Hosaoge's Gadget Gallery.
  6600 | D:7      | Reached skill level 6 in Armour
  6808 | D:7      | Reached XP level 9. HP: 66/66 MP: 14/14
  6862 | D:7      | Reached skill level 4 in Short Blades
  6862 | D:7      | Reached skill level 4 in Long Blades
  6862 | D:7      | Reached skill level 4 in Axes
  6862 | D:7      | Reached skill level 4 in Maces & Flails
  6862 | D:7      | Reached skill level 4 in Polearms
  6862 | D:7      | Reached skill level 4 in Staves
  6862 | D:7      | Reached skill level 4 in Ranged Weapons
  6862 | D:7      | Reached skill level 4 in Throwing
  6862 | D:7      | Reached skill level 4 in Shields
  6862 | D:7      | Reached skill level 4 in Unarmed Combat
  6862 | D:7      | Reached skill level 4 in Spellcasting
  6972 | D:7      | Learned a level 1 spell: Sting
  7012 | D:7      | Reached skill level 5 in Fighting
  7012 | D:7      | Reached skill level 5 in Dodging
  7157 | D:7      | Reached skill level 5 in Stealth
  7243 | D:8      | Noticed Pikel
  7246 | D:8      | Killed Pikel
  7247 | D:8      | Reached skill level 5 in Invocations
  7247 | D:8      | Reached skill level 8 in Evocations
  7283 | D:8      | Reached skill level 4 in Conjurations
  7283 | D:8      | Reached skill level 4 in Hexes
  7283 | D:8      | Reached skill level 4 in Summonings
  7283 | D:8      | Reached skill level 4 in Necromancy
  7283 | D:8      | Reached skill level 4 in Translocations
  7283 | D:8      | Reached skill level 4 in Transmutations
  7283 | D:8      | Reached skill level 4 in Fire Magic
  7283 | D:8      | Reached skill level 4 in Ice Magic
  7283 | D:8      | Reached skill level 4 in Air Magic
  7283 | D:8      | Reached skill level 4 in Earth Magic
  7283 | D:8      | Reached skill level 4 in Poison Magic
  7513 | D:8      | Reached skill level 5 in Short Blades
  7513 | D:8      | Reached skill level 5 in Long Blades
  7513 | D:8      | Reached skill level 5 in Axes
  7513 | D:8      | Reached skill level 5 in Maces & Flails
  7513 | D:8      | Reached skill level 5 in Polearms
  7513 | D:8      | Reached skill level 5 in Staves
  7513 | D:8      | Reached skill level 5 in Ranged Weapons
  7513 | D:8      | Reached skill level 5 in Throwing
  7513 | D:8      | Reached skill level 5 in Shields
  7513 | D:8      | Reached skill level 5 in Unarmed Combat
  7513 | D:8      | Reached skill level 5 in Spellcasting
  7513 | D:8      | Reached XP level 10. HP: 76/76 MP: 17/17
  7610 | D:8      | Noticed a two-headed ogre
  7617 | D:8      | Killed a two-headed ogre
  7618 | D:8      | Reached skill level 7 in Armour
  7705 | D:8      | Reached skill level 6 in Fighting
  7705 | D:8      | Reached skill level 6 in Dodging
  8181 | D:9      | Reached skill level 6 in Stealth
  8186 | D:9      | Reached skill level 6 in Invocations
  8595 | D:9      | Noticed a kobold demonologist
  8603 | D:9      | Killed a kobold demonologist
  8711 | D:9      | Reached skill level 9 in Evocations
  8773 | D:9      | Reached skill level 6 in Short Blades
  8773 | D:9      | Reached skill level 6 in Long Blades
  8773 | D:9      | Reached skill level 6 in Axes
  8773 | D:9      | Reached skill level 6 in Maces & Flails
  8773 | D:9      | Reached skill level 6 in Polearms
  8773 | D:9      | Reached skill level 6 in Staves
  8773 | D:9      | Reached skill level 6 in Ranged Weapons
  8773 | D:9      | Reached skill level 6 in Throwing
  8773 | D:9      | Reached skill level 6 in Shields
  8773 | D:9      | Reached skill level 6 in Unarmed Combat
  8773 | D:9      | Reached skill level 6 in Spellcasting
  8778 | D:9      | Reached skill level 5 in Conjurations
  8778 | D:9      | Reached skill level 5 in Hexes
  8778 | D:9      | Reached skill level 5 in Summonings
  8778 | D:9      | Reached skill level 5 in Necromancy
  8778 | D:9      | Reached skill level 5 in Translocations
  8778 | D:9      | Reached skill level 5 in Transmutations
  8778 | D:9      | Reached skill level 5 in Fire Magic
  8778 | D:9      | Reached skill level 5 in Ice Magic
  8778 | D:9      | Reached skill level 5 in Air Magic
  8778 | D:9      | Reached skill level 5 in Earth Magic
  8778 | D:9      | Reached skill level 5 in Poison Magic
  8778 | D:9      | Reached XP level 11. HP: 72/83 MP: 18/20
  8817 | D:9      | Identified 3 potions of resistance
  9034 | D:10     | Entered Level 10 of the Dungeon
  9034 | D:10     | Found a staircase to the Lair.
  9299 | D:10     | Found a runed translucent door.
  9300 | D:10     | Found a runed translucent door.
  9300 | D:10     | Noticed a salamander
  9301 | D:10     | Found a runed translucent door.
  9305 | D:10     | Noticed a boulder beetle
  9308 | D:10     | Noticed a wolf spider
  9320 | D:10     | Killed a boulder beetle
  9332 | D:10     | Killed a wolf spider
  9333 | D:10     | Reached skill level 7 in Invocations
  9363 | D:10     | Identified the ring of Xenutwyi {Will+ Int+4 Dex+6}
  9377 | D:10     | Noticed a cyclops
  9387 | D:10     | Killed a cyclops
  9388 | D:10     | Reached skill level 7 in Fighting
  9388 | D:10     | Reached skill level 8 in Armour
  9388 | D:10     | Reached skill level 7 in Dodging
  9800 | D:10     | Reached skill level 7 in Stealth
  9887 | D:10     | Found a staircase to the Orcish Mines.
 10045 | D:10     | Found a hazy altar of Hepliaklqana.
 10205 | D:11     | Noticed Nergalle
 10214 | D:10     | Noticed a spectral orc warlord
 10233 | D:10     | HP: 10/120 [spectral orc warlord/+2 battleaxe of
                  | venom[Nergalle] (27)]
 10234 | D:10     | HP: 2/117 [spectral orc/+0 trident[Nergalle] (3)]
 10235 | D:10     | Succumbed to a spectral orc warlord's poison

Vanquished Creatures
  A boulder beetle (D:10)
  A two-headed ogre (D:8)
  Pikel (D:8)
  A wolf spider (D:10)
  A cyclops (D:10)
  A kobold demonologist (D:9)
  A hornet (D:10)
  A wyvern (D:8)
  A wraith (D:10)
  A vampire (D:9)
  6 yaks (D:9)
  A steam dragon (D:8)
  A water moccasin (D:7)
  An ice beast (D:8)
  4 orc warriors
  A black bear (D:7)
  3 sky beasts
  3 ogres
  5 centaurs
  2 phantoms (D:5)
  4 kobold brigands
  4 bullfrogs
  A gnoll sergeant (D:7)
  A scorpion (D:6)
  25 wights
  10 killer bees
  A howler monkey (D:8)
  An electric eel (D:10)
  2 jellies
  4 hounds
  7 orc priests
  3 iguanas
  7 orc wizards
  Terence (D:2)
  11 gnolls
  3 adders
  A shadow imp (D:7)
  An ufetubus (D:7)
  2 worms
  3 dart slugs
  41 orcs
  3 bats
  6 endoplasms
  A giant cockroach (D:2)
  3 goblins
  2 hobgoblins
  4 quokkas
  5 ball pythons
  2 frilled lizards
  20 kobolds
  2 rats (D:1)
218 creatures vanquished.

Vanquished Creatures (others)
  6 plants (D:10)
  4 toadstools (D:1)
10 creatures vanquished.

Grand Total: 228 creatures vanquished

Table legend: (Time is in decaauts)
 A = Elapsed time spent in this place.
 B = Non-inter-level travel time spent in this place.
 C = Inter-level travel time spent in this place.
 D = Time resting spent in this place.
 E = Time spent auto-exploring this place.
 F = Levels seen in this place.
 G = Mean time per level.
                   A        B        C        D        E       F      G
               +--------+--------+--------+--------+--------+-----+--------+
         Total |  10341 |  10041 |    300 |   1606 |   6327 |  12 |  861.8 |
       Dungeon |  10316 |  10026 |    290 |   1606 |   6323 |  11 |  937.8 |
        Temple |     24 |     14 |     10 |      0 |      4 |   1 |   24.0 |
               +--------+--------+--------+--------+--------+-----+--------+

Top non-repeatable levels by time:
     D:1: 1494 daAuts
     D:3: 1324 daAuts
    D:10: 1215 daAuts
     D:2: 1032 daAuts
     D:5: 1021 daAuts
     D:4: 970 daAuts
     D:8: 906 daAuts
     D:9: 898 daAuts
     D:7: 735 daAuts
     D:6: 711 daAuts
  Temple: 24 daAuts
    D:11: 6 daAuts

Table legend:
 A = Non-vault XP
 B = Vault XP
 C = Vault XP percentage of total XP
 D = Non-vault monster count
 E = Vault monster count
 F = Vault count percentage of total count
                 A         B        C        D         E       F
            +---------+---------+-------+---------+---------+-------
      Total |   10595 |    2780 |  20.8 |     178 |      40 |  18.3
            +---------+---------+-------+---------+---------+-------
        D:1 |      25 |       0 |   0.0 |      14 |       0 |   0.0
        D:2 |      26 |      32 |  55.2 |       8 |       1 |  11.1
        D:3 |      43 |       0 |   0.0 |       9 |       0 |   0.0
        D:4 |     674 |       0 |   0.0 |      24 |       0 |   0.0
        D:5 |     471 |       3 |   0.6 |      10 |       2 |  16.7
        D:6 |     493 |     118 |  19.3 |       8 |       2 |  20.0
        D:7 |    1244 |       0 |   0.0 |      29 |       0 |   0.0
        D:8 |    2426 |     651 |  21.2 |      21 |       1 |   4.5
        D:9 |    3330 |       0 |   0.0 |      30 |       0 |   0.0
       D:10 |    1863 |    1976 |  51.5 |      25 |      34 |  57.6
            +---------+---------+-------+---------+---------+-------
